 Dungeon Crawl Stone Soup version 0.28-a0-612-gcfc00ec14d (webtiles) character file.

Game seed: 11773260139202496580

79 siradein the Insei (level 4, -7/32 HPs)
             Began as a Merfolk Transmuter on Oct 5, 2021.
             Mangled by an ogre (25 damage)
             ... on level 2 of the Dungeon.
             The game lasted 00:03:52 (2889 turns).

siradein the Insei (Merfolk Transmuter)             Turns: 2889, Time: 00:03:52

Health: -7/32      AC:  8    Str: 10    XL:     4   Next: 38%
Magic:  6/7        EV: 11    Int: 12    God:
Gold:   62         SH:  0    Dex: 15    Spells: 1/7 levels left

rFire   . . .      SeeInvis .     - Unarmed
rCold   . . .      Faith    .   (no shield)
rNeg    . . .      Spirit   .   h - +3 ring mail
rPois   .          Reflect  .   (helmet currently unavailable)
rElec   .          Harm     .   (no cloak)
rCorr   .          Rampage  .   (no gloves)
Will    .....                   (boots currently unavailable)
Stlth   +.........              (no amulet)
HPRegen 0.10/turn               (no ring)
MPRegen 0.10/turn               (no ring)

@: appendages
A: horns 2, (nimble swimmer 2), mertail
a: End Transformation


You were on level 2 of the Dungeon.
You had temporarily grown beastly horns.
You visited 1 branch of the dungeon, and saw 2 of its levels.

You collected 62 gold pieces.

Inventory:

Missiles
 d - 3 silver javelins
 e - a throwing net
Armour
 a - a +0 robe
 h - a +3 ring mail (worn)
Scrolls
 b - a scroll of immolation {unknown}
 f - a scroll of amnesia {unknown}
 g - a scroll of fog {unknown}
 i - a scroll of enchant armour {unknown}
Potions
 c - a potion of ambrosia {unknown}
 j - a potion of curing {unknown}


   Skills:
 - Level 1.1 Fighting
 - Level 2.6 Dodging
 + Level 4.5 Unarmed Combat
 - Level 2.0 Spellcasting
 + Level 4.5 Transmutations
 + Level 0.5 Poison Magic


You had one spell level left.
You knew the following spells:

 Your Spells              Type           Power      Damage    Failure   Level
a - Beastly Appendage     Tmut           24%        N/A       11%         1
b - Wereblood             Tmut           12%        N/A       17%         2
c - Spider Form           Tmut/Pois      3%         N/A       58%         3

Your spell library contained the following spells:

 Spells                   Type           Power      Damage    Failure   Level
 Ice Form                 Ice/Tmut       6%         N/A       95%         4


Dungeon Overview and Level Annotations

Branches:
Dungeon (2/15)

Altars:
Gozag

Shops:
D:2 [


Innate Abilities, Weirdness & Mutations

You have temporarily grown beastly horns.
((You are quick and stealthy near water. (Stealth+, EV+, Speed+++)))
Your lower body shifts to a powerful aquatic tail in water.


Message History

The quokka is heavily wounded.
The quokka bites you but does no damage.
You barely miss the quokka.
The quokka is heavily wounded.
The quokka closely misses you.
You barely miss the quokka. Your headbutt misses the quokka.
The quokka is heavily wounded.
The quokka closely misses you.
You hit the quokka.
The quokka is almost dead.
The quokka barely misses you.
You miss the quokka.
The quokka is almost dead.
The quokka barely misses you.
You hit the quokka.
You kill the quokka!
No target in view!
No target in view!
Your transformation is almost over.
You see here a quokka corpse.
Your horns disappear.
An ogre comes into view. It is wielding a +0 giant club.
The ogre shouts!
An ogre is nearby!
An ogre is nearby!
An ogre is nearby!
Casting: Beastly Appendage (safe; 11% risk of failure)
Press: ? - help, Q - select action, (/) - cycle Dir - look around, f - activate You grow a pair of large bovine horns.
The ogre misses you.
You hit the ogre. You headbutt the ogre!
The ogre is heavily wounded.
You hit the ogre.
The ogre is severely wounded.
The ogre hits you with a +0 giant club!
You hit the ogre. You headbutt the ogre.
The ogre is almost dead.
The ogre hits you with a +0 giant club!!
Ouch! That really hurt!
You die...

............#.#
.####.......#.#
............#.#
####........#.# ####
..###..<....#.# ...#
#.............######...#
##..)..##..##..........#
##.....###..#.#####....#
................@O.....#
.#.....#####..######...#
##.....# #..# ...#
##.....# #..# ...#
####### #### ...# ####


You could see an ogre.

Vanquished Creatures
  A gnoll (D:1)
  3 adders
  A dart slug (D:2)
  5 ball pythons
  4 endoplasms (D:1)
  A giant cockroach (D:2)
  6 goblins
  6 hobgoblins
  A quokka (D:2)
  3 bats
  2 frilled lizards (D:1)
  2 kobolds (D:1)
  2 rats
37 creatures vanquished.

Vanquished Creatures (others)
  4 toadstools (D:1)
4 creatures vanquished.

Grand Total: 41 creatures vanquished

Notes
Turn   | Place    | Note
-------+----------+-------------------------------------------
     0 | D:1      | siradein the Merfolk Transmuter began the quest for the
                  | Orb.
     0 | D:1      | Reached XP level 1. HP: 15/15 MP: 3/3
   376 | D:1      | Reached XP level 2. HP: 20/21 MP: 3/5
   626 | D:1      | Reached XP level 3. HP: 15/26 MP: 2/6
  1062 | D:1      | Found a faded altar of an unknown god.
  1093 | D:1      | Learned a level 2 spell: Wereblood
  1097 | D:1      | Learned a level 3 spell: Spider Form
  1560 | D:2      | Found an opulent altar of Gozag.
  2303 | D:2      | Reached XP level 4. HP: 18/32 MP: 7/7
  2700 | D:2      | Found Mosofef's Antique Armour Shoppe.
  2882 | D:2      | Noticed an ogre
  2889 | D:2      | Mangled by an ogre

Illustrated notes

Levels and vault maps discovered:
D:1:      ldierk_water_garden, layout_basic, ebering_ecumenical_altar_mist
D:2:      layout_rooms, basic_altar, serial_shops, nicolae_shop_stone

Skill      XL: |  1  2  3 |
---------------+----------+-----
Transmutations | 3 4 |  4.5
Unarmed Combat | 4 |  4.5
Fighting       | |  1.1
Dodging        | |  2.6
Spellcasting   | |  2.0
Poison Magic   | |  0.5

Action                   |  1- 3 |  4- 6 || total
-------------------------+-------+-------++-------
Melee: Unarmed           |    90 |    34 ||   124
       Headbutt          |    12 |     5 ||    17
       Punch             |     1 |     1 ||     2
       Tailslap          |     1 |       ||     1
 Cast: Beastly Appendage |    26 |     6 ||    32
Armor: Robe              |    22 |       ||    22
       Ring mail         |       |    13 ||    13
Dodge: Dodged            |    64 |    17 ||    81

Table legend: (Time is in decaauts)
 A = Elapsed time spent in this place.
 B = Non-inter-level travel time spent in this place.
 C = Inter-level travel time spent in this place.
 D = Time resting spent in this place.
 E = Time spent auto-exploring this place.
 F = Levels seen in this place.
 G = Mean time per level.
                   A        B        C        D        E       F      G
               +--------+--------+--------+--------+--------+-----+--------+
         Total |   2872 |   2748 |    124 |    775 |   1585 |   2 | 1436.0 |
       Dungeon |   2872 |   2748 |    124 |    775 |   1585 |   2 | 1436.0 |
               +--------+--------+--------+--------+--------+-----+--------+

Top non-repeatable levels by time:
     D:1: 2163 daAuts
     D:2: 709 daAuts
